 Dungeon Crawl Stone Soup version 0.25-a0-306-g3faca94807 (webtiles) character file.

Game seed: 7466501743553024831, levelgen mode: deterministic

254 Gynju the Digger (level 6, -3/32 HPs)
             Began as a Gargoyle Earth Elementalist on Dec 21, 2019.
             Slain by a wight
             ... wielding a cursed +0 great sword of freezing
              (5 damage)
             ... on level 4 of the Dungeon.
             The game lasted 00:03:41 (3365 turns).

Gynju the Digger (Gargoyle Earth Elementalist)      Turns: 3365, Time: 00:03:42

Health: -3/32      AC:  9    Str: 14    XL:     6   Next: 15%
Magic:  6/12       EV: 11    Int: 15    God:
Gold:   193        SH:  0    Dex: 10    Spells: 12/13 levels left

rFire    . . .     SeeInvis .   f - +0 hand axe
rCold    + . .     Gourm    .   (no shield)
rNeg     + . .     Faith    .   i - +1 leather armour {rC+}
rPois    ∞         Spirit   .   (no helmet)
rElec    +         Reflect  .   (no cloak)
rCorr    .         Harm     .   s - +0 pair of gloves
MR       .....                  (no boots)
Stlth    ++........             (no amulet)
HPRegen  0.10/turn              (no ring)
MPRegen  0.13/turn              (no ring)

@: no status effects
A: negative energy resistance 1, electricity resistance, unbreathing,
petrification resistance, rot immunity, AC +4
a: no special abilities


You were on level 4 of the Dungeon.
You were not hungry.

You visited 1 branch of the dungeon, and saw 4 of its levels.

You collected 193 gold pieces.

Inventory:

Hand Weapons
 f - a +0 hand axe (weapon)
Missiles
 b - 74 stones (quivered)
Armour
 i - a +1 leather armour of cold resistance (worn)
 s - a +0 pair of gloves (worn)
Jewellery
 n - an uncursed amulet of guardian spirit
Scrolls
 c - 2 scrolls of magic mapping {unknown}
 g - 2 scrolls of remove curse {unknown}
 k - 2 scrolls of identify {unknown}
 l - 3 scrolls of amnesia {unknown}
 m - 2 scrolls of fear {unknown}
 o - a scroll of random uselessness {unknown}
 u - a scroll of teleportation {unknown}
Potions
 a - a potion of ambrosia {unknown}
 e - 5 potions of curing {unknown}
 h - a potion of berserk rage {unknown}
 j - a potion of lignification {unknown}
 p - a potion of degeneration {unknown}
 r - a potion of might {unknown}
 t - a potion of mutation {unknown}
Comestibles
 d - 6 rations
 q - 8 chunks of flesh


   Skills:
 - Level 1.5 Dodging
 - Level 2.1 Stealth
 + Level 4.2 Spellcasting
   Level 0.7 Transmutations
 + Level 6.2 Earth Magic


You had 12 spell levels left.
You knew the following spells:

 Your Spells              Type           Power        Failure   Level  Hunger
a - Sandblast             Erth           ###...       1%          1    None

Your spell library contained the following spells:

 Spells                   Type           Power        Failure   Level  Hunger
 Passwall                 Tmut/Erth      ##......     9%          2    ##.....
 Stone Arrow              Conj/Erth      ##....       19%         3    ###....
 Lee's Rapid Deconstruct  Erth           ###.......   43%         5    ######.
 Petrify                  Tmut/Erth      ##......     47%         4    ####...


Dungeon Overview and Level Annotations

Branches:
Dungeon (4/15)
 Temple: D:4-7

Altars:
Makhleb
Sif Muna

Annotations:
D:1 1 runed translucent door


Innate Abilities, Weirdness & Mutations

You are resistant to torment.
Your stone body is resilient. (AC +4)
You are immune to poison.
You resist negative energy. (rN+)
You are resistant to electric shocks. (rElec)
You can survive without breathing.
You are immune to petrification.
You are immune to rotting.


Message History

Aim: a wight, wielding a +4 dire flail and wearing a +0 robe (moderately damaged)
The blast of sand hits the wight.
The wight is severely damaged.
b - 75 stones The wight hits you with a cursed +4 dire flail.
The wight hits you with a cursed +0 great sword of freezing.
* * * LOW HITPOINT WARNING * * *
Casting: Sandblast (safe; 1% risk of failure)
Confirm with . or Enter, or press ? or * to list all spells.
Aiming: Sandblast (safe; 1% risk of failure)
Press: ? - help, Shift-Dir - straight line, f/p - wight
Aim: a wight, wielding a +4 dire flail and wearing a +0 robe (severely damaged)
The blast of sand hits the wight.
The wight is almost destroyed.
b - 74 stones The wight hits you but does no damage.
The wight hits you with a cursed +4 dire flail.
* * * LOW HITPOINT WARNING * * *
The wight hits you with a cursed +0 great sword of freezing.
You die...

######
#%.z@#
#.##zzz.#
#l##.#
#.# # #..
###


You could see an iguana and 4 wights.

Vanquished Creatures
  2 hounds (D:3)
  An orc wizard (D:3)
  6 adders
  3 gnolls (D:2)
  An ooze (D:2)
  2 worms
  A dart slug (D:1)
  2 leopard geckos
  4 orcs (D:3)
  7 bats
  3 giant cockroaches
  12 goblins
  7 hobgoblins
  4 jackals (D:2)
  2 quokkas (D:2)
  2 ball pythons
  A frilled lizard (D:2)
  5 kobolds
  3 rats
68 creatures vanquished.

Notes
Turn   | Place    | Note
-------+----------+-------------------------------------------
     0 | D:1      | Gynju the Gargoyle Earth Elementalist began the quest for
                  | the Orb.
     0 | D:1      | Reached XP level 1. HP: 10/10 MP: 3/3
     0 | D:1      | Noticed a jelly
     1 | D:1      | Found a runed translucent door.
   419 | D:1      | Reached XP level 2. HP: 11/15 MP: 3/5
   682 | D:1      | Reached skill level 4 in Earth Magic
  1081 | D:2      | Reached XP level 3. HP: 18/19 MP: 4/7
  1538 | D:2      | Reached XP level 4. HP: 24/24 MP: 5/8
  1706 | D:2      | Reached skill level 5 in Earth Magic
  2184 | D:2      | Reached XP level 5. HP: 28/28 MP: 10/10
  2204 | D:2      | Found a shimmering blue altar of Sif Muna.
  2805 | D:3      | Found a burning altar of Makhleb.
  3163 | D:3      | Reached skill level 6 in Earth Magic
  3165 | D:3      | Reached XP level 6. HP: 32/32 MP: 7/12
  3276 | D:3      | Found a faded altar of an unknown god.
  3365 | D:4      | Slain by a wight

Levels and vault maps discovered:
D:1:      dpeg_arrival_caged_fury, layout_basic
D:2:      layout_basic, lemuel_blue_sif_altar
D:3:      layout_loops_cross, makhleb_heckhound_becter,
          chequers_ecumenical_altar_island, first_ration
D:4:      layout_basic, uniq_edmund, uniq_natasha

Skill      XL: |  1  2  3  4  5 |
---------------+----------------+-----
Earth Magic    | 4 5 6 |  6.2
Spellcasting   | 3 4 |  4.2
Dodging        | |  1.5
Stealth        | |  2.1
Transmutations | |  0.7

Action                   |  1- 3 |  4- 6 || total
-------------------------+-------+-------++-------
Melee: Hand axe          |    27 |   127 ||   154
 Cast: Sandblast         |    18 |    33 ||    51
 Stab: Sleeping          |     4 |       ||     4
  Eat: Chunk             |     2 |     6 ||     8
Armor: Robe              |     6 |       ||     6
       Leather armour    |     6 |    76 ||    82
Dodge: Dodged            |    18 |   109 ||   127

Table legend:
 A = Non-vault XP
 B = Vault XP
 C = Vault XP percentage of total XP
 D = Non-vault monster count
 E = Vault monster count
 F = Vault count percentage of total count
                 A         B        C        D         E       F
            +---------+---------+-------+---------+---------+-------
      Total |     322 |      42 |  11.5 |      67 |       1 |   1.5
            +---------+---------+-------+---------+---------+-------
        D:1 |      13 |       0 |   0.0 |       7 |       0 |   0.0
        D:2 |     152 |       0 |   0.0 |      34 |       0 |   0.0
        D:3 |     157 |      42 |  21.1 |      26 |       1 |   3.7
            +---------+---------+-------+---------+---------+-------
